 Dungeon Crawl Stone Soup version 0.30-a0-311-gf115ab0292 (webtiles) character file.

Game seed: 3774592284452046505

1783051 Charly the Conqueror (level 27, 247/249 HPs)
             Began as a Merfolk Gladiator on Oct 25, 2022.
             Was a High Priest of Okawaru.
             Escaped with the Orb
             ... and 3 runes!
             The game lasted 02:19:56 (59876 turns).

Charly the Conqueror (Merfolk Gladiator)           Turns: 59876, Time: 02:19:56

Health: 247/249    AC: 44    Str: 22    XL:     27
Magic:  21/21      EV: 35    Int: 13    God:    Okawaru [*****.]
Gold:   4152       SH: 37    Dex: 43    Spells: 26/26 levels left

rFire   + + +      SeeInvis +    a - +9 double sword (freeze)
rCold   + . .      Faith    .    U - +7 tower shield "Tox Amoce" {rF+ Int+5 Stlth-}
rNeg    + + +      Spirit   .    T - +6 storm dragon scales
rPois   +          Reflect  .    i - +2 helmet of Aruede {Dex+4}
rElec   +          Harm     .    f - +2 ratskin cloak {*Rats rPois rN+ Str-1 Int-1 Dex+1}
rCorr   +          Rampage  .    J - +0 pair of gloves "Zowna" {rPois MP-9 Dex+7 Stlth+}
Will    ++...                    E - +0 pair of boots of the Hairy God {Drain rF+ rC+ Str+4}
Stlth   +.........               K - macabre finger necklace {rN+}
HPRegen 0.61/turn                H - ring of the Dancing Gods {rN+ Slay+4 SInv}
MPRegen 0.17/turn                L - ring of Xiesy {rF+ rN+ AC+4 Dex+4}
                                 C - ring of Paigocs {rCorr AC+4 Str+4}

@: studying Throwing
A: (nimble swimmer 2), mertail, claws 1, low MP 1
0: Orb of Zot
}: 3/15 runes: decaying, serpentine, slimy
a: Renounce Religion, Heroism, Finesse, Duel


You escaped.
You worshipped Okawaru.
Okawaru was extremely pleased with you.
You visited 10 branches of the dungeon, and saw 49 of its levels.
You visited the Abyss 2 times.
You visited 1 bazaar.
You visited 1 ziggurat, and saw 5 of its levels.
You also visited: Trove, Gauntlet, Ice Cave and Wizlab.

You collected 9746 gold pieces.
You spent 5594 gold pieces at shops.

Inventory:

Hand Weapons
 a - a +9 double sword of freezing (weapon)
 G - a +4 antimagic double sword
Missiles
 d - 5 throwing nets (quivered)
Armour
 f - the +2 ratskin cloak (worn) {*Rats rPois rN+ Str-1 Int-1 Dex+1}
   (You found it on level 2 of the Dungeon)

   When the wearer is hurt, rats may emerge from it to assist them.
   Str:       It affects your strength (-1).
   Int:       It affects your intelligence (-1).
   Dex:       It affects your dexterity (+1).
   rPois:     It protects you from poison.
   rN:        It protects you from negative energy.
 h - the +2 pair of boots "Ureur" {rF+ rCorr Dex+4}
   (You found it in a wizard's laboratory)

   Dex:       It affects your dexterity (+4).
   rF:        It protects you from fire.
   rCorr:     It protects you from acid and corrosion.
 i - the +2 helmet of Aruede (worn) {Dex+4}
   (You found it in a treasure trove)

   Dex:       It affects your dexterity (+4).
 y - the +14 plate armour "Qoisor Cibb" {Str+2 Slay+3}
   (Okawaru gifted it to you on level 3 of the Pits of Slime)

   Str:       It affects your strength (+2).
   Slay:      It affects your accuracy & damage with ranged weapons and melee
   (+3).
 E - the +0 pair of boots of the Hairy God (worn) {Drain rF+ rC+ Str+4}
   (You found it on level 2 of the Vaults)

   Str:       It affects your strength (+4).
   rF:        It protects you from fire.
   rC:        It protects you from cold.
   Drain:     It drains your maximum health when unequipped.
 J - the +0 pair of gloves "Zowna" (worn) {rPois MP-9 Dex+7 Stlth+}
   (Okawaru gifted it to you on level 2 of the Snake Pit)

   Dex:       It affects your dexterity (+7).
   rPois:     It protects you from poison.
   MP:        It affects your magic capacity (-9).
   Stlth:     It makes you more stealthy.
 T - +6 storm dragon scales (worn)
 U - the +7 tower shield "Tox Amoce" (worn) {rF+ Int+5 Stlth-}
   (You found it on level 14 of the Dungeon)

   Int:       It affects your intelligence (+5).
   rF:        It protects you from fire.
   Stlth:     It makes you less stealthy.
Jewellery
 c - a ring of protection from cold
 m - the ring "Daigua" {Will+ Str+4 Int+6 Dex-2 SInv}
   (You found it on level 5 of the Pits of Slime)

   [ring of intelligence]

   Str:       It affects your strength (+4).
   Int:       It affects your intelligence (+6).
   Dex:       It affects your dexterity (-2).
   SInv:      It lets you see invisible.
   Will:      It increases your willpower.
 C - the ring of Paigocs (on amulet) {rCorr AC+4 Str+4}
   (You bought it in a shop on level 3 of the Vaults)

   [ring of protection]

   AC:        It affects your AC (+4).
   Str:       It affects your strength (+4).
   rCorr:     It protects you from acid and corrosion.
 H - the ring of the Dancing Gods (left hand) {rN+ Slay+4 SInv}
   (You found it on level 3 of the Depths)

   [ring of slaying]

   Slay:      It affects your accuracy & damage with ranged weapons and melee
   (+4).
   rN:        It protects you from negative energy.
   SInv:      It lets you see invisible.
 K - the macabre finger necklace (around neck) {rN+}
   (You bought it in a shop on level 3 of the Vaults)

   [amulet of nothing]

   It enables you to equip an extra ring.
   rN:        It protects you from negative energy.
 L - the ring of Xiesy (right hand) {rF+ rN+ AC+4 Dex+4}
   (You found it on level 3 of the Vaults)

   [ring of protection]

   AC:        It affects your AC (+4).
   Dex:       It affects your dexterity (+4).
   rF:        It protects you from fire.
   rN:        It protects you from negative energy.
 N - a +4 ring of slaying
Wands
 b - a wand of digging (17)
 k - a wand of roots (14)
 r - a wand of polymorph (6)
 D - a wand of paralysis (37)
 F - a wand of mindburst (29)
 M - a wand of light (1)
Scrolls
 g - 13 scrolls of fog
 l - 6 scrolls of blinking
 o - 7 scrolls of vulnerability
 q - 9 scrolls of immolation
 s - 5 scrolls of poison
 A - 2 scrolls of brand weapon
 X - 18 scrolls of teleportation
 Y - 5 scrolls of fear
Potions
 e - 18 potions of curing
 j - 6 potions of invisibility
 p - 3 potions of might
 t - 7 potions of lignification
 v - 16 potions of heal wounds
 w - 6 potions of berserk rage
 x - 5 potions of haste
 z - 2 potions of cancellation
 B - 7 potions of mutation
 I - 7 potions of flight
 P - 11 potions of attraction
 Q - 3 potions of resistance
 R - a potion of magic
 V - 6 potions of ambrosia
Miscellaneous
 n - a condenser vane
 O - a phial of floods
 W - a lightning rod (4/4)
 Z - a tin of tremorstones (2/2)


   Skills:
 O Level 27 Fighting
 - Level 16.0 Long Blades
 - Level 2.0 Throwing
 + Level 19.1 Armour
 - Level 22.0 Dodging
 - Level 2.0 Stealth
 - Level 22.0 Shields
 - Level 14.0 Invocations
 - Level 10.0 Evocations


You had 26 spell levels left.
You didn't know any spells.
Your spell library contained the following spells:

 Spells                   Type           Power      Damage    Failure   Level
 Apportation              Tloc           0%         N/A       90%         1
 Freeze                   Ice            0%         1d3       90%         1
 Kiss of Death            Conj/Necr      0%         2d5       90%         1
 Necrotise                Necr           0%         1d4       90%         1
 Shock                    Conj/Air       0%         1d3       90%         1
 Blink                    Tloc           0%         N/A       97%         2
 Cigotuvi's Dreadful Rot  Necr/Pois/Air  0%         N/A       97%         2
 Ensorcelled Hibernation  Hex/Ice        0%         N/A       97%         2
 Passwall                 Tmut/Erth      0%         N/A       97%         2
 Poisonous Vapours        Pois/Air       0%         N/A       97%         2
 Scorch                   Fire           0%         2d5       97%         2
 Confusing Touch          Hex            0%         N/A       99%         3
 Frozen Ramparts          Ice            0%         1d1       99%         3
 Hailstorm                Conj/Ice       0%         3d3       99%         3
 Ignite Poison            Fire/Tmut/Pois 0%         N/A       99%         3
 Inner Flame              Hex/Fire       0%         N/A       99%         3
 Kindle Blastsparks       Fire/Tloc/Air  0%         2d10      99%         3
 Mephitic Cloud           Conj/Pois/Air  0%         N/A       99%         3
 Spider Form              Tmut/Pois      0%         N/A       99%         3
 Swiftness                Air            0%         N/A       99%         3
 Vampiric Draining        Necr           0%         2d6       99%         3
 Airstrike                Air            0%         2d(0-16)  100%        4
 Anguish                  Hex/Necr       0%         N/A       100%        4
 Cause Fear               Hex            0%         N/A       100%        4
 Dispel Undead            Necr           0%         3d6       100%        4
 Flame Wave               Conj/Fire      0%         2d4       100%        4
 Ice Form                 Ice/Tmut       0%         N/A       100%        4
 Manifold Assault         Tloc           0%         N/A       100%        4
 Agony                    Necr           0%         N/A       100%        5
 Alistair's Intoxication  Tmut/Pois      0%         N/A       100%        5
 Blade Hands              Tmut           0%         N/A       100%        5
 Borgnjor's Vile Clutch   Necr/Erth      0%         N/A       100%        5
 Freezing Cloud           Conj/Ice/Air   0%         6-21      100%        5
 Yara's Violent Unravell  Hex/Tmut       0%         3d3       100%        5
 Dispersal                Tloc           0%         N/A       100%        6
 Eringya's Noxious Bog    Tmut/Pois      0%         N/A       100%        6
 Iron Shot                Conj/Erth      0%         9d1       100%        6
 Dragon Form              Tmut           0%         N/A       100%        7
 Enfeeble                 Hex            0%         N/A       100%        7
 Storm Form               Tmut/Air       0%         N/A       100%        7
 Borgnjor's Revivificati  Necr           0%         N/A       100%        8
 Disjunction              Tloc           0%         N/A       100%        8
 Necromutation            Tmut/Necr      0%         N/A       100%        8
 Death's Door             Necr           0%         N/A       100%        9
 Polar Vortex             Ice            0%         N/A       100%        9
 Summon Small Mammal      Summ           Unusable   N/A       N/A         1
 Animate Armour           Summ/Erth      Unusable   N/A       N/A         4
 Summon Ice Beast         Ice/Summ       Unusable   N/A       N/A         4
 Simulacrum               Ice/Necr       Unusable   N/A       N/A         6
 Summon Cactus Giant      Summ           Unusable   N/A       N/A         6
 Dragon's Call            Summ           Unusable   N/A       N/A         9

Dungeon Overview and Level Annotations

Branches:
Dungeon (15/15)            Temple (0/1) D:5            Lair (5/5) D:9
  Swamp (4/4) Lair:3        Snake (4/4) Lair:2        Slime (5/5) Lair:5
    Orc (2/2) D:11            Elf (0/3) Orc:2        Vaults (4/5) D:14
  Crypt (0/3) Vaults:3     Depths (4/4) D:15           Hell (visited)
    Dis (0/7) Hell            Geh (0/7) Hell            Coc (0/7) Hell
    Tar (0/7) Hell            Zot (5/5) Depths:4      IceCv (visited)
 WizLab (visited)         Gauntlet (visited)

Altars:
Cheibriados
Elyvilon
Gozag
Kikubaaqudgha
Makhleb
Okawaru
Qazlal
Trog
Vehumet
Xom
Yredelemnul
Zin
The Shining One
Jiyva
Lugonu

Shops:
D:7 ::=[=   Orc:2 (:(*   Vaults:3 =   Vaults:4 !((*

Portals:
Hell: Depths:1 Depths:2 Depths:3 Depths:4
Abyss: Lair:5 Depths:1 Depths:3
Pandemonium: Depths:2 Depths:3 Depths:4

Annotations:
Zot:4 2 transporters, Meskin's ghost, legendary DjCj; Toiku's ghost, veteran HuAr


Innate Abilities, Weirdness & Mutations

((You are very nimble when in or above water. (Stealth+, EV+, Speed+++)))
Your lower body shifts to a powerful aquatic tail in water.
You have sharp fingernails.
Your magical capacity is low. (-10% MP)


Message History

You kill Heqof!
Okawaru accepts your kill. You block the orange demon's attack.
You barely miss the orange demon. You block the orange demon's attack. x2
You slice the orange demon!! You freeze the orange demon!
The orange demon is almost dead.
You slice the orange demon!! You freeze the orange demon.
You kill the orange demon!
Okawaru accepts your kill.
No target in view!
(D) Dungeon (T) Temple (L) Lair (S) Swamp (P) Snake Pit (M) Slime Pits (O) Orcish Mines (E) Elven Halls (V) Vaults (C) Crypt (U) Depths (H) Hell (I) Dis (G) Gehenna (X) Cocytus (Y) Tartarus (Z) Zot
Where to? (Enter - D:1 @ (x,y), ? - help) Magic restored.
There is an open door here.
There is a stone staircase leading up here.
You climb upwards.
There is a stone staircase leading down here.
You see here a +0 club.
There is a stone staircase leading up here.
There is a stone staircase leading up here.
You climb upwards.
There is a stone staircase leading down here.
Your extra speed is starting to run out.
There is an open door here.
You feel yourself slow down.
You feel a little less mighty now.
There is a stone staircase leading up here.
You climb upwards.
There is a stone staircase leading down here.
There is a stone staircase leading up here.
You climb upwards.
There is a stone staircase leading down here.
There is an open door here.
There is a staircase leading out of the dungeon here.
You feel like a meek peon again.
You have escaped!

..######.###.###.#####.#...##.#
..# #...#...#...#.##.#.####.#
..## #.8.#.8.#.8.#.##.#.# #.#
#..# #...#...#...#.##.#.# #.#
##.# ##.###.###.##.##.#.# #.#
#.# #.# #.# #.##.##.#.# #.# #.#
##.###.###.##.##.#.# #.# ##.##
#...#...#...#......# #.#
#.#.###.8...8.#.@.'.###### #.#
.###.##...#...#...#.#########.#
## ##.#############...........#
.###.## #>.########### #.#.##
#..# ##.## #..#####
#.########### #(.....###
#...........# #.####...#
###########.# #.# #..#.##


There were no monsters in sight!

Vanquished Creatures
  the Royal Jelly (Slime:5)
  4 dread liches
  5 orbs of fire
  2 ancient liches (Zot:5)
  4 pandemonium lords
  The ghost of Nizokhlo the Metallomancer, a veteran DrCj of Vehumet (Vaults:2)
  Bai Suzhen (Snake:4)
  Parghit (Zot:2)
  3 Killer Klowns (Zot:5)
  Vashnia (Snake:3)
  A Head Instructor (WizLab)
  4 caustic shrikes (Depths:3)
  5 curse toes
  Geryon (Hell)
  The ghost of Vivivvi the Tortoise, a veteran DjCj of Ashenzari (Vaults:2)
  10 golden dragons
  A profane servitor (Abyss:3)
  3 bone dragons
  2 Brimstone Fiends
  15 tentacled monstrosities
  2 electric golems (Zot:5)
  The ghost of Siling the Spry, an adept DjFE of Makhleb (Vaults:2)
  Mlioglotl (Snake:3)
  A walking crystal tome (Depths:4)
  26 Orb Guardians (Zot:5)
  A Hell Sentinel (D:8)
  3 liches
  5 quicksilver dragons
  A titan (Vaults:4)
  6 ancient champions (Hell)
  15 acid blobs
  5 death cobs
  8 storm dragons
  Murray (Hell)
  3 sphinxes
  A thorn hunter (Swamp:4)
  An Executioner (Depths:3)
  Kirke (Snake:1)
  4 shadow dragons
  2 tentacled starspawn (Abyss:3)
  7 draconian monks
  8 azure jellies
  2 nagarajas
  8 tengu reavers
  A fenstrider witch (Swamp:2)
  8 vault wardens
  8 rockslimes
  8 draconian knights
  6 frost giants
  11 fire giants
  3 balrugs
  A deep elf sorcerer (Vaults:4)
  7 draconian scorchers
  2 ghost moths (Zot:5)
  Aizul (Snake:1)
  A cacodemon (Hell)
  3 draconian stormcallers
  2 iron dragons (Hell)
  3 ghouls (Swamp:4)
  Louise (Depths:3)
  5 draconian annihilators
  8 quicksilver oozes
  4 draconian shifters
  6 reapers
  27 very ugly things
  7 ironbound preservers
  11 stone giants
  4 war gargoyles
  2 spriggan defenders (Depths:2)
  7 ironbound thunderhulks
  7 vampire knights
  20 black draconians
  4 deep elf demonologists (Depths:3)
  2 lorocyprocas
  An eleionoma (Swamp:2)
  11 red draconians
  Azrael (D:14)
  8 green draconians
  12 purple draconians
  12 dire elephants
  17 yellow draconians
  5 ettins
  3 bunyips (Swamp:3)
  A minotaur (Gauntlet)
  3 spark wasps (Depths:2)
  6 blizzard demons
  A crystal guardian (Vaults:2)
  10 white draconians
  6 fire dragons
  2 jiangshi (Depths:4)
  A merfolk impaler (Depths:1)
  4 entropy weavers
  9 great orbs of eyes
  A green death (Hell)
  A great orb of eyes (shapeshifter) (Lair:5)
  A shambling mangrove (Swamp:2)
  11 ice dragons
  2 caustic shrike simulacra (IceCv)
  3 ogre magi
  17 hydras
  11 yaktaur captains
  11 vault guards
  Fannar (Orc:1)
  6 salamander tyrants
  10 spriggan air magi
  Erica (D:8)
  3 peacekeepers
  2 hell beasts
  A spriggan skeleton (Hell)
  4 rakshasas
  2 death knights
  A ghost crab (Swamp:2)
  3 boulder beetles
  13 naga warriors
  9 tengu warriors
  7 ironbound frosthearts
  10 two-headed ogres
  5 deep troll shamans
  10 hell hogs
  13 centaur warriors
  7 anacondas
  6 spriggan berserkers
  5 deep troll earth magi
  3 orc high priests (Orc:2)
  2 vampire magi
  4 death yaks
  8 alligators
  6 thrashing horrors
  3 deep elf knights
  12 shock serpents
  13 naga sharpshooters
  4 soul eaters
  11 spriggans
  13 sun demons
  3 wretched stars (Abyss:3)
  26 hell knights
  2 shadow wraiths (Hell)
  2 skeletal warriors
  11 iron trolls
  A fire crab (shapeshifter) (D:13)
  4 sixfirhies
  5 salamander mystics
  A goliath frog (Swamp:2)
  A death drake (Swamp:4)
  A shadow demon (Abyss:3)
  2 sea snakes (Snake:4)
  4 swamp dragons
  2 glowing orange brains
  7 large abominations
  An orb spider (Abyss:3)
  2 flayed ghosts (Depths:4)
  2 spectral hydras (Swamp:4)
  39 deep trolls
  2 glowing orange brains (shapeshifter)
  2 spriggan simulacra (D:15)
  6 naga ritualists
  A lindwurm (Vaults:3)
  A shadow dragon zombie (Vaults:4)
  2 orange crystal statues (IceCv)
  4 spriggan druids
  10 starcursed masses (Abyss:3)
  2 deep elf pyromancers
  7 phantasmal warriors
  10 wizards
  12 bog bodies
  8 harpies (Vaults:2)
  10 orc sorcerers
  16 ironbound convokers
  A deep elf archer (Swamp:1)
  5 orc knights (Orc:2)
  3 oklob plants (D:14)
  18 mana vipers
  7 necromancers
  7 manticores
  51 ugly things
  A shadow dragon skeleton (Hell)
  3 cyclopes (D:12)
  A toenail golem (D:14)
  5 shining eyes
  A will-o-the-wisp (Swamp:2)
  A wolf spider (D:12)
  20 elephants
  16 smoke demons
  27 salamanders
  A frost giant skeleton (Vaults:2)
  9 rust devils
  33 moths of wrath
  39 black mambas
  5 eyes of devastation
  An apocalypse crab (Abyss:3)
  17 naga magi
  3 orange demons
  10 guardian serpents
  3 centaur skeletons (D:15)
  21 cane toads
  4 molten gargoyles (Hell)
  2 gargoyles
  12 vault sentinels
  Maggie (D:7)
  2 rime drakes (Lair:2)
  A kobold demonologist (D:13)
  3 freezing wraiths
  27 yaktaurs
  A hellion (Hell)
  An unseen horror (D:11)
  6 komodo dragons
  4 swamp worm zombies (Swamp:4)
  6 tengu conjurers
  4 hellwings
  4 anaconda simulacra (IceCv)
  3 ancient zymes
  2 golden dragon simulacra
  2 red devils
  3 ice devils
  10 trolls
  A meliai (shapeshifter) (Lair:5)
  2 hydra zombies (Swamp:4)
  A bloated husk (Swamp:3)
  4 polar bears
  7 tyrant leeches
  15 hornets
  107 slime creatures
  39 blink frogs
  16 raiju
  3 alligator zombies (Swamp:4)
  A deep troll zombie (Vaults:4)
  3 spectral swamp dragons (Swamp:4)
  A human simulacrum (Vaults:4)
  3 wraiths
  A spriggan (shapeshifter) (D:15)
  2 ynoxinuls (Abyss:3)
  8 shadows
  A naga simulacrum (Hell)
  14 small abominations
  An ettin skeleton (Vaults:2)
  2 water elementals
  4 wyverns
  11 humans
  43 yaks
  9 basilisks
  A fire elemental (D:14)
  A hog (Snake:1)
  A dire elephant simulacrum (IceCv)
  6 golden eyes
  4 steam dragons
  3 neqoxecs
  2 chaos spawn
  4 redbacks
  28 nagas
  10 swamp worms
  14 vampire mosquitoes
  5 wargs
  5 minotaur simulacra (D:15)
  An acid dragon (D:13)
  7 hell hounds
  4 hydra simulacra (IceCv)
  16 water moccasins
  2 floating eyes
  2 ice beasts
  24 orc warriors
  2 black bears
  3 sky beasts (D:7)
  5 ettin simulacra (IceCv)
  5 swamp dragon zombies (Swamp:4)
  10 ogres
  A swamp drake (Swamp:3)
  A human zombie (Vaults:4)
  A black mamba simulacrum (Hell)
  17 wolves
  15 centaurs
  7 phantoms
  3 kobold brigands
  A bullfrog (shapeshifter) (D:11)
  2 necrophages
  2 gnoll sergeants
  2 human skeletons (Vaults:2)
  13 bullfrogs
  A deep troll simulacrum (D:15)
  A scorpion (D:6)
  14 wights
  A lindwurm simulacrum (IceCv)
  6 killer bees (D:8)
  A howler monkey (D:10)
  An electric eel (Snake:4)
  6 lava snakes (Snake:1)
  2 hounds
  3 quasits (Abyss:3)
  4 jellies
  33 orc priests
  8 iguanas
  20 orc wizards
  7 hell rats
  11 gnolls
  3 swamp drake zombies (Swamp:4)
  4 adders
  3 river rats (D:9)
  5 shadow imps
  6 white imps
  4 ufetubi
  A worm (D:3)
  3 dart slugs
  81 orcs
  4 ball pythons
  A bat (D:1)
  4 endoplasms
  6 giant cockroaches
  11 goblins
  11 hobgoblins
  6 jackals (D:2)
  16 kobolds
  4 quokkas
  3 frilled lizards
  6 rats
  A briar patch (Swamp:4)
2175 creatures vanquished.

Vanquished Creatures (others)
  A storm dragon (Depths:4)
  A yellow draconian (Zot:1)
  A green draconian (Zot:1)
  A vault guard (D:14)
  A hell hog (Hell)
  A quicksilver dragon simulacrum (Abyss:3)
  A phantasmal warrior (Swamp:4)
  A spriggan druid (Swamp:3)
  A will-o-the-wisp (Swamp:2)
  A rust devil (Hell)
  An ancient zyme (Abyss:3)
  6 bloated husks
  A harpy skeleton (Hell)
  A golden eye (Abyss:3)
  A swamp worm (Swamp:3)
  3 phantoms (Swamp:4)
  An orc wizard (Orc:1)
  A white imp (Abyss:3)
  8 foxfires (Swamp:2)
  17 fungi
  A lurking horror (Abyss:3)
  57 plants
  3 starspawn tentacles (Abyss:3)
111 creatures vanquished.

Grand Total: 2286 creatures vanquished

Notes
Turn   | Place    | Note
-------+----------+-------------------------------------------
     0 | D:1      | Charly the Merfolk Gladiator began the quest for the Orb.
     0 | D:1      | Reached XP level 1. HP: 16/16 MP: 1/1
    50 | D:1      | Found a faded altar of an unknown god.
   210 | D:1      | Reached XP level 2. HP: 15/23 MP: 2/2
   268 | D:1      | Reached skill level 1 in Stealth
   507 | D:1      | Reached XP level 3. HP: 28/28 MP: 3/3
  1330 | D:2      | Found the +2 ratskin cloak {*Rats rPois rN+ Str-1 Int-1
                  | Dex+1}
  1702 | D:2      | Reached XP level 4. HP: 34/34 MP: 4/4
  1705 | D:2      | Reached skill level 3 in Fighting
  1903 | D:3      | Reached skill level 5 in Long Blades
  2786 | D:3      | Reached XP level 5. HP: 41/41 MP: 5/5
  2947 | D:4      | Noticed a black bear
  2985 | D:4      | Reached skill level 4 in Fighting
  3016 | D:4      | Noticed an ogre
  3082 | D:4      | Reached XP level 6. HP: 48/48 MP: 6/6
  3325 | D:4      | Found a radiant altar of Vehumet.
  3327 | D:4      | Found a shimmering altar of Xom.
  3331 | D:4      | Found a white marble altar of Elyvilon.
  3336 | D:4      | Killed a black bear
  3339 | D:4      | Found an iron altar of Okawaru.
  3340 | D:4      | Found a stormy altar of Qazlal.
  3349 | D:4      | Became a worshipper of Warmaster Okawaru
  3556 | D:5      | Entered Level 5 of the Dungeon
  3593 | D:5      | Reached XP level 7. HP: 55/55 MP: 7/7
  3690 | D:5      | Reached skill level 5 in Fighting
  3913 | D:5      | Found a staircase to the Ecumenical Temple.
  4089 | D:5      | Reached * piety under Okawaru
  4203 | D:6      | Reached XP level 8. HP: 64/64 MP: 8/8
  4242 | D:6      | Reached skill level 1 in Invocations
  4297 | D:6      | Reached skill level 6 in Fighting
  4427 | D:6      | Found a snail-covered altar of Cheibriados.
  4608 | D:6      | Reached skill level 10 in Long Blades
  5209 | D:7      | Reached ** piety under Okawaru
  5324 | D:7      | Found Coda Fof's Jewellery Emporium.
  5392 | D:7      | Found Saliy's Antique Armour Shop.
  5449 | D:7      | Found Gissim's Jewellery Emporium.
  5484 | D:7      | Reached XP level 9. HP: 64/71 MP: 11/11
  5489 | D:7      | Reached skill level 7 in Fighting
  5611 | D:7      | Reached *** piety under Okawaru
  5718 | D:7      | Noticed Maggie
  5816 | D:7      | Found a bloodstained altar of Trog.
  5830 | D:7      | Found Ditosmas's Book Shop.
  6072 | D:7      | Found Qyoph's Book Shoppe.
  6135 | D:7      | Reached skill level 5 in Invocations
  6264 | D:8      | Found a glowing golden altar of the Shining One.
  6418 | D:8      | Reached skill level 8 in Fighting
  6569 | D:8      | Noticed Erica
  6773 | D:8      | Reached **** piety under Okawaru
  6829 | D:8      | Reached XP level 10. HP: 81/81 MP: 13/13
  7616 | D:7      | Bought an amulet of faith for 600 gold pieces
  7793 | D:7      | Found Saliy's Antique Armour Shop.
  7831 | D:7      | Found Coda Fof's Jewellery Emporium.
  7861 | D:7      | Found Qyoph's Book Shoppe.
  7927 | D:7      | Found Ditosmas's Book Shop.
  7932 | D:7      | Found a bloodstained altar of Trog.
  7949 | D:7      | Killed Maggie
  7950 | D:7      | Reached skill level 1 in Evocations
  7999 | D:9      | Noticed a two-headed ogre
  8119 | D:9      | Killed a two-headed ogre
  8417 | D:9      | Found a staircase to the Lair.
  8418 | D:9      | Noticed a death yak
  8433 | D:9      | Killed a death yak
  8434 | D:9      | Reached skill level 9 in Fighting
  8434 | D:9      | Reached skill level 5 in Dodging
  8436 | D:9      | Noticed a death yak
  8443 | D:9      | Noticed a death yak
  8450 | D:9      | Killed a death yak
  8460 | D:9      | Killed a death yak
  8461 | D:9      | Reached XP level 11. HP: 67/89 MP: 10/15
  8932 | D:10     | Entered Level 10 of the Dungeon
  8932 | D:10     | You fall into a shaft and drop 1 floor!
  9155 | D:11     | Found a staircase to the Orcish Mines.
  9201 | D:10     | Noticed a two-headed ogre
  9212 | D:10     | Killed a two-headed ogre
  9212 | D:10     | Reached ***** piety under Okawaru
  9212 | D:10     | Received a gift from Okawaru
  9243 | D:10     | Reached skill level 10 in Fighting
 10260 | D:8      | Killed Erica
 10260 | D:8      | Received a gift from Okawaru
 10261 | D:8      | Reached skill level 1 in Shields
 10261 | D:8      | Reached skill level 5 in Evocations
 10302 | Lair:1   | Entered Level 1 of the Lair of Beasts
 10302 | Lair:1   | Noticed a four-headed hydra
 10309 | Lair:1   | Killed a one-headed hydra
 10649 | Lair:1   | Received a gift from Okawaru
 10764 | Lair:1   | Reached XP level 12. HP: 99/99 MP: 18/18
 11252 | Lair:1   | Reached skill level 11 in Fighting
 11488 | Lair:2   | Found a staircase to the Snake Pit.
 11491 | Lair:2   | Noticed a five-headed hydra
 11508 | Lair:2   | Killed a one-headed hydra
 11519 | Lair:2   | Identified the +6 morningstar of Vaf Risy {vorpal, rCorr
                  | Int+6 Stlth+} (Okawaru gifted it to you on level 2 of the
                  | Lair of Beasts)
 11519 | Lair:2   | Received a gift from Okawaru
 11530 | Lair:2   | Noticed a four-headed hydra
 11550 | Lair:2   | Killed a one-headed hydra
 11681 | Lair:2   | Reached skill level 15 in Long Blades
 11720 | Lair:2   | Received a gift from Okawaru
 11721 | Lair:2   | Reached skill level 10 in Dodging
 11770 | Lair:2   | Identified the +1 plate armour of Okawaru's Regard {-Tele
                  | rN+++ Regen+} (Okawaru gifted it to you on level 2 of the
                  | Lair of Beasts)
 11770 | Lair:2   | Received a gift from Okawaru
 11965 | Lair:2   | Reached skill level 5 in Shields
 11979 | Lair:2   | Reached XP level 13. HP: 79/106 MP: 20/20
 11985 | Lair:2   | Identified the +3 leather armour of Qazlal's Hope {*Corrode
                  | Fly rPois Slay+2}
 12424 | Lair:2   | Reached skill level 10 in Invocations
 12535 | Lair:2   | Reached skill level 12 in Fighting
 13493 | D:7      | Bought the ring of Ocvaluni {AC+4 Dex+2} for 519 gold
                  | pieces
 13699 | Lair:3   | Identified the +2 robe of Demonic Surprise {Str+2 Int+4}
                  | (Okawaru gifted it to you on level 3 of the Lair of Beasts)
 13699 | Lair:3   | Received a gift from Okawaru
 13699 | Lair:3   | Reached ****** piety under Okawaru
 13805 | Lair:3   | Found an opulent altar of Gozag.
 13919 | Lair:3   | Found a staircase to the Swamp.
 14953 | Lair:4   | Reached skill level 13 in Fighting
 15360 | Lair:5   | Entered Level 5 of the Lair of Beasts
 15368 | Lair:5   | Received a gift from Okawaru
 15376 | Lair:5   | Reached XP level 14. HP: 118/118 MP: 20/22
 15490 | Lair:5   | Found a gate leading to a gauntlet.
 15496 | Lair:5   | Found a staircase to the Slime Pits.
 15498 | Lair:5   | Found a viscous altar of Jiyva.
 15557 | Gauntlet | Entered a Gauntlet
 15557 | Gauntlet | Found a transporter.
 15566 | Gauntlet | Found a transporter.
 15567 | Gauntlet | Noticed a dire elephant
 15587 | Gauntlet | Found a transporter.
 15587 | Gauntlet | Found a transporter.
 15595 | Gauntlet | Noticed a reaper
 15611 | Gauntlet | Found a transporter.
 15621 | Gauntlet | Found a transporter.
 15635 | Gauntlet | Found a transporter.
 15664 | Gauntlet | Found a transporter.
 15664 | Gauntlet | Found a transporter.
 15671 | Gauntlet | Found a transporter.
 15700 | Gauntlet | Found a transporter.
 15700 | Gauntlet | Found a transporter.
 15846 | Gauntlet | Killed a reaper
 15846 | Gauntlet | Received a gift from Okawaru
 15846 | Gauntlet | Found the +15 Maxwell's patent armour {-Cast -Tele rElec
                  | Will+ rCorr}
 15887 | Gauntlet | Identified the +0 pair of gloves "Ejaf" {Str+4 Dex+3}
 15956 | Gauntlet | Identified the +1 ring mail "Bilokhy" {*Slow Will+ Dex+3}
 15963 | Lair:5   | Identified a scroll of acquirement
 15964 | Lair:5   | Acquired 957 gold pieces
 16147 | D:7      | Bought a +4 ring of slaying for 858 gold pieces
 16620 | Lair:5   | Reached skill level 14 in Fighting
 17028 | Lair:5   | Got Jobim's Precepts of the Enthralling Flock
 17151 | Lair:5   | Identified the +1 robe "Afuficop" {Int+2} (Okawaru gifted
                  | it to you on level 5 of the Lair of Beasts)
 17151 | Lair:5   | Received a gift from Okawaru
 17157 | Lair:5   | Found a corrupted altar of Lugonu.
 17157 | Lair:5   | Found a one-way gate to the infinite horrors of the Abyss.
 17590 | D:11     | Identified the +8 war axe of Wusaota {vorpal, Fragile rElec
                  | Will++ rCorr}
 17755 | D:11     | Found the +8 whip "Snakebite" {venom, curare, rPois}
 17789 | D:11     | Reached XP level 15. HP: 127/127 MP: 24/24
 18690 | D:12     | Reached skill level 1 in Armour
 18699 | D:12     | Reached skill level 15 in Dodging
 18716 | D:12     | Noticed a frost giant
 18730 | D:12     | Killed a frost giant
 19262 | D:13     | Identified the +10 spear of Action {vamp, Int+7 Stlth-}
 19264 | D:13     | Found a glowing silver altar of Zin.
 19264 | D:13     | Found Zin's Purification Station.
 19273 | D:13     | Bought a potion of curing for 90 gold pieces
 19694 | D:13     | Received a gift from Okawaru
 19695 | D:13     | Reached skill level 15 in Fighting
 20019 | D:13     | Received a gift from Okawaru
 20376 | D:14     | Noticed Azrael
 20389 | D:14     | Killed Azrael
 20950 | D:14     | Identified the +5 glaive "Fiedyet" {protect, Dex+4}
 20955 | D:14     | Found a gate to the Vaults.
 20967 | D:14     | Identified the +7 tower shield "Tox Amoce" {rF+ Int+5
                  | Stlth-}
 21060 | D:14     | Paralysed by a floating eye for 2 turns
 21265 | D:15     | Entered Level 15 of the Dungeon
 21279 | D:15     | Identified the +0 scale mail of the Loofah {*Corrode rC++
                  | MP+9 Int+3} (Okawaru gifted it to you on level 15 of the
                  | Dungeon)
 21279 | D:15     | Received a gift from Okawaru
 21526 | D:15     | Found a frozen archway.
 21571 | IceCv    | Entered an ice cave
 21604 | IceCv    | Reached XP level 16. HP: 54/136 MP: 19/26
 21898 | IceCv    | Identified the +0 leather armour of the Sun {Str+6 Int-4}
 21959 | D:15     | Identified the +4 buckler of Muolamau {rC- rCorr Int+5
                  | Slay+5} (Okawaru gifted it to you on level 15 of the
                  | Dungeon)
 21959 | D:15     | Received a gift from Okawaru
 22679 | D:15     | Found a staircase to the Depths.
 23108 | Orc:1    | Entered Level 1 of the Orcish Mines
 23112 | Orc:1    | Noticed Fannar
 23127 | Orc:1    | Killed Fannar
 23357 | Orc:1    | Paralysed by an orc sorcerer for 4 turns
 23768 | Orc:2    | Entered Level 2 of the Orcish Mines
 23808 | Orc:2    | Reached skill level 16 in Fighting
 23964 | Orc:2    | Found a staircase to the Elven Halls.
 24509 | Orc:2    | Found Lossek's Antique Weapon Shop.
 24532 | Orc:2    | Received a gift from Okawaru
 24558 | Orc:2    | Found Iwar's Antique Weapon Emporium.
 24586 | Orc:2    | Found Zeczes's Book Shop.
 24587 | Orc:2    | Found Becvoxkecay's Assorted Antiques.
 24596 | Orc:2    | Bought a scroll of blinking for 255 gold pieces
 24596 | Orc:2    | Bought a potion of curing for 102 gold pieces
 24762 | D:7      | Bought a glowing tower shield for 142 gold pieces
 25221 | Swamp:1  | Entered Level 1 of the Swamp
 25298 | Swamp:1  | Reached skill level 10 in Evocations
 25916 | Swamp:1  | Received a gift from Okawaru
 26321 | Swamp:2  | Noticed a fenstrider witch
 26408 | Swamp:2  | Received a gift from Okawaru
 26526 | Swamp:2  | Killed a fenstrider witch
 26527 | Swamp:2  | Reached XP level 17. HP: 113/146 MP: 27/27
 27134 | Swamp:3  | Identified the +0 robe of Muttered Phrases {-Cast Will+
                  | rCorr Str+3} (Okawaru gifted it to you on level 3 of the
                  | Swamp)
 27134 | Swamp:3  | Received a gift from Okawaru
 27154 | Swamp:3  | Reached skill level 17 in Fighting
 27273 | Swamp:3  | Identified the +3 ring mail of the Trout {rPois Int+4
                  | Dex-5}
 27863 | Swamp:4  | Entered Level 4 of the Swamp
 27952 | Swamp:4  | Noticed a tentacled monstrosity
 27965 | Swamp:4  | Killed a tentacled monstrosity
 28181 | Swamp:4  | Received a gift from Okawaru
 28265 | Swamp:4  | Reached skill level 10 in Shields
 28634 | Swamp:4  | Identified the +0 plate armour "Kem Pune" {rF+ Int-5 Dex+5}
                  | (Okawaru gifted it to you on level 4 of the Swamp)
 28634 | Swamp:4  | Received a gift from Okawaru
 28979 | Swamp:4  | Noticed a bone dragon
 29238 | Swamp:4  | Killed a bone dragon
 29351 | Swamp:4  | Got a decaying rune of Zot
 29641 | Snake:1  | Entered Level 1 of the Snake Pit
 29809 | Snake:1  | Noticed Aizul
 29822 | Snake:1  | Killed Aizul
 29927 | Snake:1  | Reached XP level 18. HP: 156/156 MP: 28/28
 29937 | Snake:1  | Reached skill level 18 in Fighting
 30173 | Snake:1  | Noticed Kirke
 30189 | Snake:1  | Killed Kirke
 31173 | Snake:2  | Received a gift from Okawaru
 31373 | Snake:2  | Identified the +0 pair of gloves "Zowna" {rPois MP-9 Dex+7
                  | Stlth+} (Okawaru gifted it to you on level 2 of the Snake
                  | Pit)
 31373 | Snake:2  | Received a gift from Okawaru
 31433 | Snake:2  | You are sucked into a shaft and drop 1 floor!
 31487 | Snake:3  | Noticed Vashnia
 31853 | Snake:3  | Killed Vashnia
 32699 | Snake:3  | Reached skill level 19 in Fighting
 32817 | Snake:3  | Received a gift from Okawaru
 33052 | Snake:3  | Noticed Mlioglotl
 33070 | Snake:3  | Killed Mlioglotl
 33077 | Snake:4  | Entered Level 4 of the Snake Pit
 33447 | Snake:4  | Noticed Bai Suzhen
 33629 | Snake:4  | Reached XP level 19. HP: 142/167 MP: 18/29
 33889 | Snake:4  | Identified the -1 helmet of the Pirate {*Corrode rF+++ rC+
                  | Dex-2} (Okawaru gifted it to you on level 4 of the Snake
                  | Pit)
 33889 | Snake:4  | Received a gift from Okawaru
 34023 | Snake:4  | Killed Bai Suzhen
 34420 | Snake:4  | Got a serpentine rune of Zot
 35114 | D:11     | Identified the +8 flail of Yfintu {flame, rF- Str+4 SInv}
 35269 | Vaults:1 | Entered Level 1 of the Vaults
 35385 | Vaults:1 | Received a gift from Okawaru
 35504 | Vaults:1 | Reached skill level 20 in Fighting
 35865 | Vaults:1 | Received a gift from Okawaru
 36174 | Vaults:1 | Reached XP level 20. HP: 104/178 MP: 19/30
 36416 | Vaults:2 | Found a flickering gateway to a bazaar.
 36435 | Bazaar   | Entered a bazaar
 36435 | Bazaar   | Found Tosutu's Armour Boutique.
 36435 | Bazaar   | Found Fug Quf's Antique Armour Shop.
 36435 | Bazaar   | Found Uxagokh's Weapon Shop.
 36445 | Bazaar   | Bought a pitted buckler for 332 gold pieces
 36445 | Bazaar   | Identified the +2 buckler of the Hanged Man {Will+} (You
                  | bought it in a shop in a bazaar)
 36445 | Bazaar   | Bought an embroidered hat for 245 gold pieces
 36445 | Bazaar   | Bought a pair of runed gloves for 262 gold pieces
 36546 | Vaults:2 | Identified the +7 falchion "Borhetiz" {drain, rF+ Stlth+}
                  | (Okawaru gifted it to you on level 2 of the Vaults)
 36546 | Vaults:2 | Received a gift from Okawaru
 36562 | Vaults:2 | Found a runed translucent gate.
 36562 | Vaults:2 | Found a runed translucent gate.
 36562 | Vaults:2 | Found a runed translucent gate.
 36562 | Vaults:2 | Found an ancient bone altar of Kikubaaqudgha.
 36562 | Vaults:2 | Found the +2 cloak of the Thief {*Fog Slay-2 SInv Stlth+}
 36562 | Vaults:2 | Noticed Siling's ghost (adept DjFE)
 36562 | Vaults:2 | Noticed Vivivvi's ghost (veteran DjCj)
 36562 | Vaults:2 | Noticed a dread lich
 36563 | Vaults:2 | Noticed Nizokhlo's ghost (veteran DrCj)
 36731 | Vaults:2 | Reached skill level 21 in Fighting
 36732 | Vaults:2 | Reached skill level 15 in Shields
 37075 | Abyss:3  | Cast into level 3 of the Abyss (a wizard)
 37119 | Abyss:3  | Noticed a bone dragon
 37203 | Abyss:3  | Received a gift from Okawaru
 37580 | Vaults:2 | Escaped the Abyss
 38128 | Vaults:2 | Killed a dread lich
 38140 | Vaults:2 | Killed Nizokhlo's ghost
 38150 | Vaults:2 | Killed Siling's ghost
 38169 | Vaults:2 | Killed Vivivvi's ghost
 38176 | Vaults:2 | Identified the ring of the Endless Expanse {rF+ rC- rN++
                  | Int+3 SInv}
 38180 | Vaults:2 | Identified the +0 pair of boots of the Hairy God {Drain rF+
                  | rC+ Str+4}
 38196 | Vaults:2 | Got Kikubaaqudgha's Opusculum on the Dead
 38249 | Vaults:3 | You are sucked into a shaft and drop 1 floor!
 38255 | Vaults:4 | Identified the +0 ring mail of Boatam {Int+2} (Okawaru
                  | gifted it to you on level 4 of the Vaults)
 38255 | Vaults:4 | Received a gift from Okawaru
 38286 | Vaults:4 | Reached skill level 22 in Fighting
 38485 | Vaults:4 | Found Osatril's Distillery.
 38521 | Vaults:4 | Found Azxoc's Antique Weapon Shoppe.
 38524 | Vaults:4 | Bought a potion of curing for 42 gold pieces
 38524 | Vaults:4 | Bought a potion of curing for 42 gold pieces
 38524 | Vaults:4 | Bought a potion of heal wounds for 70 gold pieces
 38524 | Vaults:4 | Bought a potion of heal wounds for 70 gold pieces
 38524 | Vaults:4 | Bought a potion of invisibility for 112 gold pieces
 38524 | Vaults:4 | Bought 2 potions of might for 112 gold pieces
 38524 | Vaults:4 | Bought a potion of might for 56 gold pieces
 38648 | Vaults:3 | Reached XP level 21. HP: 189/189 MP: 22/31
 38783 | Vaults:3 | Found Zaadasme's Jewellery Shoppe.
 38794 | Abyss:3  | Cast into level 3 of the Abyss (a wizard)
 38866 | Abyss:3  | Paralysed by accursed screaming for 1 turns
 39003 | Abyss:3  | Noticed a profane servitor
 39022 | Abyss:3  | Killed a profane servitor
 39053 | Abyss:3  | Found a corrupted altar of Lugonu.
 39199 | Vaults:3 | Escaped the Abyss
 39296 | Vaults:3 | Bought the ring of Paigocs {rCorr AC+4 Str+4} for 969 gold
                  | pieces
 39397 | Vaults:3 | Identified the +5 long sword of Cesh {spect, +Blink Int+2}
                  | (Okawaru gifted it to you on level 3 of the Vaults)
 39397 | Vaults:3 | Received a gift from Okawaru
 39627 | Vaults:3 | Found a staircase to the Crypt.
 39627 | Vaults:3 | Found an ancient bone altar of Kikubaaqudgha.
 39627 | Vaults:3 | Found a basalt altar of Yredelemnul.
 39928 | Vaults:3 | Identified the ring of Xiesy {rF+ rN+ AC+4 Dex+4}
 40410 | Vaults:4 | Found Jeufrit's Assorted Antiques.
 40418 | Vaults:4 | Bought a red potion for 36 gold pieces
 40611 | Vaults:4 | Found Tirphaozo's Weapon Shoppe.
 40751 | Vaults:4 | Identified the +1 scale mail of Ynuif {rElec Int+3 Stlth+}
                  | (Okawaru gifted it to you on level 4 of the Vaults)
 40751 | Vaults:4 | Received a gift from Okawaru
 40756 | Vaults:4 | Reached skill level 23 in Fighting
 41697 | Depths:1 | Entered Level 1 of the Depths
 41740 | Depths:1 | Reached skill level 5 in Armour
 41995 | Depths:1 | Paralysed by a vampire knight for 3 turns
 42101 | Depths:1 | Found a gateway to Hell.
 42123 | Depths:1 | Noticed a bone dragon
 42137 | Depths:1 | Killed a bone dragon
 42358 | Depths:1 | Received a gift from Okawaru
 42625 | Depths:1 | Reached XP level 22. HP: 200/200 MP: 21/32
 43127 | Depths:1 | Gained mutation: Your muscles are strong. (Str +4, Int/Dex
                  | -1) [mutagenic glow]
 43349 | Depths:2 | Identified the +4 scimitar "Xylustec" {speed, rPois rN++
                  | Int-4} (Okawaru gifted it to you on level 2 of the Depths)
 43349 | Depths:2 | Received a gift from Okawaru
 43592 | Depths:2 | Identified the +0 pair of boots of Spite {rPois}
 44020 | Depths:2 | Reached skill level 24 in Fighting
 44078 | Depths:2 | Identified the +1 robe of Xasmoeda {rN+ Dex+6} (Okawaru
                  | gifted it to you on level 2 of the Depths)
 44078 | Depths:2 | Received a gift from Okawaru
 44132 | Depths:2 | Found a one-way gateway to a ziggurat.
 44658 | Depths:2 | Found a one-way gate leading to the halls of Pandemonium.
 44809 | Depths:2 | Found a portal to a secret trove of treasure.
 45164 | Vaults:3 | Bought the macabre finger necklace {rN+} for 680 gold
                  | pieces
 45164 | Vaults:3 | Found the macabre finger necklace {rN+}
 45435 | Depths:3 | Found a magical portal.
 45444 | WizLab   | Entered Yara's Duelist Academy
 45593 | WizLab   | Noticed Pimolu
 45605 | WizLab   | Killed Pimolu the Head Instructor
 45639 | WizLab   | Identified the +2 pair of boots "Ureur" {rF+ rCorr Dex+4}
 46111 | Depths:3 | Noticed a caustic shrike
 46112 | Depths:3 | Noticed a caustic shrike
 46118 | Depths:3 | Noticed a caustic shrike
 46119 | Depths:3 | Noticed a caustic shrike
 46129 | Depths:3 | Killed a caustic shrike
 46131 | Depths:3 | Killed a caustic shrike
 46132 | Depths:3 | Reached XP level 23. HP: 211/211 MP: 18/33
 46139 | Depths:3 | Killed a caustic shrike
 46139 | Depths:3 | Received a gift from Okawaru
 46146 | Depths:3 | Killed a caustic shrike
 46413 | Depths:3 | Noticed Louise
 46424 | Depths:3 | Killed Louise
 46997 | Depths:3 | Received a gift from Okawaru
 47281 | Depths:3 | Reached skill level 25 in Fighting
 47458 | Depths:3 | Identified the +3 buckler of Lobrueba {Int+6 Stlth+}
 47560 | Depths:3 | Found a burning altar of Makhleb.
 47647 | Depths:3 | Identified the ring of the Dancing Gods {rN+ Slay+4 SInv}
 48057 | Depths:4 | Entered Level 4 of the Depths
 48217 | Depths:4 | Noticed a golden dragon
 48226 | Depths:4 | Killed a golden dragon
 48311 | Depths:4 | Identified the +0 pair of boots of the Endless Expanse
                  | {Harm} (Okawaru gifted it to you on level 4 of the Depths)
 48311 | Depths:4 | Received a gift from Okawaru
 48397 | Depths:4 | Noticed a golden dragon
 48437 | Depths:4 | Killed a golden dragon
 48495 | Depths:4 | Found a gate to the Realm of Zot.
 49430 | Hell     | Entered the Vestibule of Hell
 49430 | Hell     | Noticed Geryon
 49438 | Hell     | Found a gateway to the ashen valley of Gehenna.
 49468 | Hell     | Gained mutation: Your flesh is cold resistant. (rC+) [a
                  | cacodemon]
 49477 | Hell     | Killed Geryon
 49478 | Hell     | Reached skill level 10 in Armour
 49488 | Hell     | Reached XP level 24. HP: 191/221 MP: 22/33
 49795 | Hell     | Found a gateway to the freezing wastes of Cocytus.
 49826 | Hell     | Noticed Murray
 49838 | Hell     | Killed Murray
 49947 | Hell     | Reached skill level 26 in Fighting
 49955 | Hell     | Found a gateway to the decaying netherworld of Tartarus.
 49965 | Hell     | Received a gift from Okawaru
 50084 | Hell     | Found a gateway to the Iron City of Dis.
 50340 | Depths:2 | You paid a toll of the horn of Geryon to enter a treasure
                  | trove
 50341 | Trove    | Entered a treasure trove
 50348 | Trove    | Identified the +1 robe of the Fisher {Fly rC+ Str+5 Int-2}
 50349 | Trove    | Identified the +1 pair of gloves of the Albatross {Regen+}
 50352 | Trove    | Identified the +10 spear "Beastslayer" {vorpal, Int+4}
 50366 | Trove    | Identified the amulet of Cav Bot {Reflect -Tele Rampage
                  | rN+++ SH+5 Stlth-}
 50369 | Trove    | Identified the +2 helmet of Aruede {Dex+4}
 50438 | Zig:1    | Entered Level 1 of a ziggurat
 50438 | Zig:1    | Noticed Teulew the pandemonium lord
 50451 | Zig:1    | Killed Teulew the pandemonium lord
 50459 | Zig:2    | Entered Level 2 of a ziggurat
 50478 | Zig:2    | Identified the +9 great sword "Lecleshry" {distort, rPois
                  | Int+2}
 50481 | Zig:3    | Entered Level 3 of a ziggurat
 50499 | Zig:4    | Entered Level 4 of a ziggurat
 50522 | Zig:5    | Entered Level 5 of a ziggurat
 50821 | Slime:1  | Entered Level 1 of the Pits of Slime
 50887 | Slime:1  | You fall into a shaft and drop 1 floor!
 51032 | Slime:3  | Identified the +14 plate armour "Qoisor Cibb" {Str+2
                  | Slay+3} (Okawaru gifted it to you on level 3 of the Pits of
                  | Slime)
 51032 | Slime:3  | Received a gift from Okawaru
 51411 | Slime:5  | Entered Level 5 of the Pits of Slime
 51457 | Slime:5  | Noticed the Royal Jelly
 51491 | Slime:5  | Found a viscous altar of Jiyva.
 51499 | Slime:5  | Gained mutation: You expend magic power (3 MP) to
                  | strengthen your wands. [a shining eye]
 51540 | Slime:5  | Killed the Royal Jelly
 51595 | Slime:5  | Reached skill level 27 in Fighting
 51760 | Slime:5  | Got a slimy rune of Zot
 51767 | Slime:5  | Gained mutation: You occasionally lose the ability to read
                  | scrolls when taking damage. [a shining eye]
 51770 | Slime:5  | Gained mutation: Your magical capacity is low. (-10% MP) [a
                  | shining eye]
 51789 | Slime:5  | Identified the ring "Xetif" {rF++ rN+ MP+9 Int-4 Dex+4}
 51809 | Slime:5  | Identified the +1 robe "Ediweqol" {rPois rCorr Str+3}
 51813 | Slime:5  | Identified the +5 rapier of Nice Defence {venom, rF+ Int+3}
 51840 | Slime:5  | Identified the ring "Maptapno" {Fire rN+ Stlth+}
 51871 | Slime:5  | Identified the amulet of Xiazoer {Spirit rN+}
 51872 | Slime:5  | Identified the ring "Jopiriag" {rF+ Int+6}
 51880 | Slime:5  | Identified the ring "Daigua" {Will+ Str+4 Int+6 Dex-2 SInv}
 52244 | Slime:5  | Acquired 683 gold pieces
 52248 | Slime:5  | Lost mutation: Your flesh is cold resistant. (rC+) [potion
                  | of mutation]
 52248 | Slime:5  | Lost mutation: Your muscles are strong. (Str +4, Int/Dex
                  | -1) [potion of mutation]
 52248 | Slime:5  | Lost mutation: You expend magic power (3 MP) to strengthen
                  | your wands. [potion of mutation]
 52248 | Slime:5  | Gained mutation: Your muscles are strong. (Str +4, Int/Dex
                  | -1) [potion of mutation]
 52248 | Slime:5  | Lost mutation: Your magical capacity is low. (-10% MP)
                  | [potion of mutation]
 52248 | Slime:5  | Gained mutation: You are partially covered in iridescent
                  | scales. (AC +2) [potion of mutation]
 52249 | Slime:5  | Lost mutation: You are partially covered in iridescent
                  | scales. (AC +2) [potion of mutation]
 52249 | Slime:5  | Lost mutation: Your muscles are strong. (Str +4, Int/Dex
                  | -1) [potion of mutation]
 52249 | Slime:5  | Gained mutation: You are dopey. (Int -2) [potion of
                  | mutation]
 52249 | Slime:5  | Gained mutation: You have a somewhat thin skeletal
                  | structure. (Dex +2, Stealth+) [potion of mutation]
 52250 | Slime:5  | Lost mutation: You occasionally lose the ability to read
                  | scrolls when taking damage. [potion of mutation]
 52250 | Slime:5  | Lost mutation: You have a somewhat thin skeletal structure.
                  | (Dex +2, Stealth+) [potion of mutation]
 52250 | Slime:5  | Lost mutation: You are dopey. (Int -2) [potion of mutation]
 52250 | Slime:5  | Gained mutation: You occasionally lose the ability to drink
                  | potions when taking damage. [potion of mutation]
 52251 | Slime:5  | Lost mutation: You occasionally lose the ability to drink
                  | potions when taking damage. [potion of mutation]
 52251 | Slime:5  | Gained mutation: You have sharp fingernails. [potion of
                  | mutation]
 52340 | Slime:1  | Reached XP level 25. HP: 234/234 MP: 24/33
 52851 | Zot:1    | Entered Level 1 of the Realm of Zot
 53701 | Zot:1    | Identified the +6 executioner's axe of Rumad {protect, Fly
                  | rPois Int+2 Dex+2} (Okawaru gifted it to you on level 1 of
                  | the Realm of Zot)
 53701 | Zot:1    | Received a gift from Okawaru
 54185 | Zot:2    | Noticed Parghit
 54195 | Zot:2    | Killed Parghit
 55003 | Zot:3    | Identified the +0 scale mail of Divine Compulsion {rPois}
                  | (Okawaru gifted it to you on level 3 of the Realm of Zot)
 55003 | Zot:3    | Received a gift from Okawaru
 55822 | Zot:4    | Noticed an orb of fire
 55830 | Zot:4    | Gained mutation: Your magical capacity is low. (-10% MP)
                  | [an orb of fire]
 55834 | Zot:4    | Killed an orb of fire
 55980 | Zot:4    | Found a glowing golden altar of the Shining One.
 56005 | Zot:4    | Found a transporter.
 56036 | Zot:4    | Reached XP level 26. HP: 235/242 MP: 21/30
 56106 | Zot:4    | Reached skill level 15 in Armour
 56405 | Zot:4    | Received a gift from Okawaru
 56653 | Zot:4    | Found a transporter.
 56657 | Zot:4    | Noticed Toiku's ghost (veteran HuAr)
 56663 | Zot:4    | Noticed an orb of fire
 56675 | Zot:4    | Noticed Meskin's ghost (legendary DjCj)
 56789 | Zot:4    | Found an iron altar of Okawaru.
 56802 | Zot:4    | Identified the +3 arbalest of Light {drain, rC++}
 56968 | Zot:5    | Entered Level 5 of the Realm of Zot
 57165 | Zot:5    | Received a gift from Okawaru
 57179 | Zot:5    | Noticed an orb of fire
 57179 | Zot:5    | Gained mutation: Potions are less effective at restoring
                  | your health. [an orb of fire]
 57180 | Zot:5    | Noticed an orb of fire
 57180 | Zot:5    | Noticed an orb of fire
 57193 | Zot:5    | Killed an orb of fire
 57193 | Zot:5    | Received a gift from Okawaru
 57194 | Zot:5    | Noticed an ancient lich
 57199 | Zot:5    | Noticed a Killer Klown
 57201 | Zot:5    | Gained mutation: Your body sometimes deteriorates upon
                  | taking damage. [an orb of fire]
 57203 | Zot:5    | Gained mutation: You are clumsy. (Dex -2) [an orb of fire]
 57204 | Zot:5    | Noticed a dread lich
 57204 | Zot:5    | Killed an orb of fire
 57209 | Zot:5    | Gained mutation: You occasionally lose the ability to drink
                  | potions when taking damage. [an orb of fire]
 57211 | Zot:5    | Noticed a Killer Klown
 57213 | Zot:5    | Killed an orb of fire
 57217 | Zot:5    | Noticed a dread lich
 57219 | Zot:5    | Killed an ancient lich
 57222 | Zot:5    | Killed a dread lich
 57222 | Zot:5    | Received a gift from Okawaru
 57243 | Zot:5    | Killed a dread lich
 57255 | Zot:5    | Noticed a dread lich
 57265 | Zot:5    | Killed a dread lich
 57265 | Zot:5    | Noticed an orb of fire
 57268 | Zot:5    | Killed a Killer Klown
 57269 | Zot:5    | Killed a Killer Klown
 57277 | Zot:5    | Killed an orb of fire
 57748 | Zot:5    | Identified the +0 scale mail of Modesty {rF+}
 57779 | Zot:5    | Noticed an ancient lich
 57786 | Zot:5    | Killed an ancient lich
 57786 | Zot:5    | Received a gift from Okawaru
 57791 | Zot:5    | Lost mutation: You occasionally lose the ability to drink
                  | potions when taking damage. [potion of mutation]
 57791 | Zot:5    | Lost mutation: You are clumsy. (Dex -2) [potion of
                  | mutation]
 57791 | Zot:5    | Lost mutation: Your body sometimes deteriorates upon taking
                  | damage. [potion of mutation]
 57791 | Zot:5    | Lost mutation: Potions are less effective at restoring your
                  | health. [potion of mutation]
 57882 | Zot:5    | Noticed a Killer Klown
 57941 | Zot:5    | Received a gift from Okawaru
 57973 | Zot:5    | Reached XP level 27. HP: 249/249 MP: 21/30
 58752 | Zot:5    | Identified the +1 pair of boots of the Lute {Harm Dex+3
                  | SInv} (Okawaru gifted it to you on level 5 of the Realm of
                  | Zot)
 58752 | Zot:5    | Received a gift from Okawaru
 59159 | Zot:5    | Got the Orb of Zot
 59178 | Zot:5    | Noticed Vozanipp the pandemonium lord
 59215 | Zot:5    | Killed Vozanipp the pandemonium lord
 59399 | Depths:4 | Noticed Hemocwabb the pandemonium lord
 59422 | Depths:4 | Killed Hemocwabb the pandemonium lord
 59715 | D:9      | Noticed Nuske the pandemonium lord
 59772 | D:5      | Noticed Heqof the pandemonium lord
 59788 | D:5      | Killed Heqof the pandemonium lord
 59876 | D:$      | Escaped with the Orb!

Illustrated notes

Levels and vault maps discovered:
D:1:      minmay_arrival_nine_rooms, layout_loops_ring,
          dreamdust_ecumenical_altar_statues, hex_medium
D:2:      wad_lake_hut, layout_loops_corners, minmay_stone_trees_small
D:3:      layout_basic
D:4:      layout_basic, grunt_temple_overflow_open
D:5:      layout_basic, minmay_temple_entry_hall
D:6:      layout_loops_ring, kennysheep_slug_shrine
D:7:      layout_basic, amcnicky_altar_gilded, serial_shops,
          kennysheep_little_box, shop, nicolae_stop_n_shop_2, shop,
          nicolae_shop_waterfront, serial_rivers, chequers_serial_rivers_room_b,
          chequers_serial_rivers_small_b, chequers_serial_rivers_small_3,
          chequers_serial_rivers_marsh, chequers_serial_rivers_marsh,
          chequers_serial_rivers_micro_b, st_stairs_1, minivault_27, uniq_maggie
D:8:      layout_gridville, overflow_temple_1_default,
          onia_ninara_dug_in_and_dangerous, uniq_erica
D:9:      layout_roguey, dpeg_lair_monsters, roderic_lattice_a
D:10:     layout_cave_pools
D:11:     layout_basic, orc_david_3, minivault_12
D:12:     minmay_shrinking_squares, layout_loops_corners
D:13:     layout_gridville, zin_purify
D:14:     layout_long_grid, ximxim_vaults_locker_room, glass_columns_a,
          disabler_island, uniq_azrael
D:15:     grunt_enter_depths_magical_seal, layout_basic,
          portal_ice_cave_entry_ice_simulacra, serial_park_tiny_1
Lair:1:   layout_long_grid, beast_lair_carwin_5, grunt_megastairs_5,
          lemuel_fruit_tree
Lair:2:   nzn_winding_woodlands_stair_cross
          [nzn_winding_woodlands_5x15_lazy_stream,
          nzn_winding_woodlands_center_pierced_h,
          nzn_winding_woodlands_5x15_split_checker,
          nzn_winding_woodlands_hourglass, nzn_winding_woodlands_5x5_cross,
          nzn_winding_woodlands_5x15_concentric,
          nzn_winding_woodlands_center_garden,
          nzn_winding_woodlands_5x15_default], layout_loops_ring,
          dummy_snake_entry, serial_bayou_shore_b
Lair:3:   layout_long_grid, minmay_swamp_entry_reptiles, basic_altar,
          grunt_megastairs_1
Lair:4:   layout_regular_city
Lair:5:   hellmonk_lair_end_abyssal_woods, layout_cave_pods,
          nicolae_slime_entry_slimehenge, gauntlet_entry_generic, st_stairs_8,
          serial_bayou_shore_b, infiniplex_staircase_pool_2
Swamp:1:  layout_basic_swamp, hangedman_swamp_blocks, swamp_pool1,
          beargit_elvish_explorers
Swamp:2:  layout_falls_marsh, evilmike_swamp_ruin_house_4
Swamp:3:  layout_basic_swamp, evilmike_swamp_ruin_rubble_2, swamp_pool1
Swamp:4:  swamp_pestilence, layout_basic_swamp, swamp_pool2,
          nicolae_swamp_feature_on_the_river_bank
Snake:1:  layout_basic, uniq_aizul, uniq_kirke
Snake:2:  layout_grid_maze
Snake:3:  layout_layer_cave, uniq_vashnia, uniq_mlioglotl
Snake:4:  johnstein_snake_rune_scales, layout_onion_interference, serial_bayou,
          serial_bayou_ford_a, serial_bayou_shore_b, serial_bayou_pond_e,
          serial_bayou_shore_b, uniq_bai_suzhen
Slime:1:  layout_caves, cheibrodos_slime_lost_civilization_5
Slime:2:  layout_caves
Slime:3:  layout_caves, uniq_dissolution
Slime:4:  nicolae_slime_pool, layout_caves
Slime:5
Orc:1:    layout_caves, basic_altar, minmay_orc_temple_b, uniq_fannar
Orc:2:    st_orc_elflike, layout_caves, mines1_david
Vaults:1: vaults_room_pool, vaults_room_large_hall, v_misc_28,
          nicolae_vaults_mini_display_case, nicolae_vaults_little_squares_5,
          v_misc_11, hangedman_vaults_trim, layout_vaults_big_room
Vaults:2: gammafunk_ghost_crypt, hangedman_vaults_stream,
          vaults_standard_mumra_x, nicolae_vaults_puzzle_piece,
          hangedman_vaults_river_flow, v_misc_27,
          nicolae_vaults_windows_and_doors_thing,
          nicolae_vaults_little_squares_4, hangedman_vaults_corner_blocks,
          nicolae_vaults_little_squares_3, nicolae_vaults_big_angled_halls,
          layout_vaults_big_cross, serial_shops, bzr_entry_customers
Vaults:3: minmay_crypt_entry_necro_gods, hangedman_vaults_nails, v_misc_14,
          v_misc_24, grunt_vaults_bifocal, nicolae_vaults_minivaults,
          vaults_dpeg_ring, nicolae_vaults_little_squares_3,
          nicolae_vaults_little_squares_1, vaults_room_corners,
          layout_vaults_omnigrid, serial_shops, shop_fountains
Vaults:4: hangedman_vaults_unwind, v_misc_10, ontoclasm_vaults_ligature,
          nicolae_vaults_little_ls, ontoclasm_vaults_tryst, grunt_vaults_twisty,
          ontoclasm_vaults_chip, nicolae_vaults_murderbox,
          layout_vaults_maze_snakey, serial_shops, nicolae_shop_statue_plus,
          nicolae_square_shop, shop, shop
Depths:1: layout_gridlike, grunt_mini_vestibule, abyss_entry,
          nicolae_hexahallways, kilobyte_mutagenic_chamber
Depths:2: kennysheep_demon_jail, layout_honeycomb, enter_ziggurat_f,
          nicolae_trove_entry_diagonal, rand_demon_pan_entry_4, hell_entry,
          minmay_the_grid_2x2 [minmay_the_grid_aliased_spiral,
          minmay_the_grid_odd_star, minmay_the_grid_outer_diamond,
          minmay_the_grid_prize_trominoes], grunt_megastairs_3
Depths:3: evilmike_makhleb_hellhole, layout_gridlike, serial_bayou_shore_b,
          nicolae_abyss_entry_one_way_or_another, hell_entry,
          grunt_pan_entry_in_and_out, mu_enter_wizlab_4,
          infiniplex_staircase_zigzag_5
Depths:4: grunt_zot_entry_bicorn, layout_gridlike, minmay_misc_feat_encased,
          hell_entry, pan_entry, uniq_margery
Hell
Zot:1:    layout_gridlike
Zot:2:    layout_concentric_octagons, uniq_parghit
Zot:3:    layout_basic
Zot:4:    layout_misc_corridors, nzn_ghost_randoct, grunt_ministairs_4,
          hangedman_feature_mirror
Zot:5:    layout_twisted_circle, st_stairs_1, grunt_ministairs_1,
          lemuel_flame_loot_1

Skill      XL: |  1  2  3  4  5  6  7  8  9 10 11 12 13 14 15 16 17 18 19 20 21 22 23 24 25 26 27 |
---------------+----------------------------------------------------------------------------------+-----
Long Blades    | 4 5 6 7 9 10 12 14 15 16 | 16.0
Stealth        | 1 2 |  2.0
Fighting       | 3 4 5 6 8 9 10 11 13 14 15 16 17 19 20 22 23 24 25 27 | 27.0
Invocations    | 3 5 6 8 9 11 13 14 | 14.0
Evocations     | 3 5 6 8 10 | 10.0
Dodging        | 6 8 10 12 14 15 17 19 20 22 | 22.0
Shields        | 2 5 8 10 12 14 16 18 19 20 22 | 22.0
Armour         | 3 4 5 8 10 14 18 19 | 19.1
Throwing       | |  2.0

Action                   |  1- 3 |  4- 6 |  7- 9 | 10-12 | 13-15 | 16-18 | 19-21 | 22-24 | 25-27 || total
-------------------------+-------+-------+-------+-------+-------+-------+-------+-------+-------++-------
Melee: Long sword        |    63 |    64 |   155 |   188 |       |       |       |       |       ||   470
       Punch             |     2 |       |       |     6 |       |       |       |       |       ||     8
       Tailslap          |       |       |     2 |       |       |       |       |     4 |       ||     6
       Scimitar          |       |       |       |    18 |    36 |     4 |       |       |       ||    58
       Double sword      |       |       |       |   193 |   862 |  1277 |  1329 |  1550 |  1089 ||  6300
Throw: Javelin           |     4 |     2 |     1 |     3 |     2 |     1 |       |       |       ||    13
       Throwing net      |       |     2 |     1 |     1 |     1 |     2 |       |     2 |     1 ||    10
       Dart              |       |       |       |     1 |    12 |       |       |       |       ||    13
Invok: Heroism           |       |       |     1 |    12 |    32 |    39 |    32 |    31 |    24 ||   171
       Finesse           |       |       |       |     7 |    11 |    11 |     8 |    11 |    10 ||    58
Evoke: Wand              |       |       |     4 |    20 |       |    27 |     2 |     1 |       ||    54
       Tin of tremorston |       |       |       |       |       |     2 |     5 |     4 |     5 ||    16
       Phial of floods   |       |       |       |       |       |     1 |       |       |       ||     1
       Condenser vane    |       |       |       |       |       |       |     1 |     3 |     3 ||     7
  Use: Scroll            |     4 |     5 |    10 |     8 |    14 |     8 |     5 |     8 |    11 ||    73
       Potion            |       |       |       |       |     3 |     5 |     5 |    11 |     7 ||    31
 Stab: Sleeping          |     1 |     2 |     6 |     4 |    17 |     6 |     9 |    17 |       ||    62
       Held in net/web   |       |     1 |       |       |     1 |       |       |     2 |     2 ||     6
       Distracted        |       |       |     7 |    10 |     1 |     3 |     3 |     3 |       ||    27
       Paralysed         |       |       |       |     2 |       |       |       |       |       ||     2
       Invisible         |       |       |       |       |       |     4 |       |    10 |       ||    14
       Confused          |       |       |       |       |       |       |       |       |     4 ||     4
Armor: Leather armour    |    10 |    23 |    35 |       |   166 |   139 |    61 |       |       ||   434
       Steam dragon scal |       |       |     1 |    54 |       |       |       |       |       ||    55
       Scale mail        |       |       |       |       |       |       |    31 |    78 |       ||   109
       Plate armour      |       |       |       |       |       |       |       |    24 |    58 ||    82
       Storm dragon scal |       |       |       |       |       |       |       |       |    66 ||    66
Dodge: Dodged            |    39 |    40 |    55 |   159 |   561 |   733 |   758 |   682 |   421 ||  3448
Block: Buckler           |       |       |       |    58 |   285 |       |       |       |       ||   343
       Tower shield      |       |       |       |       |    58 |  1677 |  1731 |  1787 |  1171 ||  6424

Table legend: (Time is in decaauts)
 A = Elapsed time spent in this place.
 B = Non-inter-level travel time spent in this place.
 C = Inter-level travel time spent in this place.
 D = Time resting spent in this place.
 E = Time spent auto-exploring this place.
 F = Levels seen in this place.
 G = Mean time per level.
                   A        B        C        D        E       F      G
               +--------+--------+--------+--------+--------+-----+--------+
         Total |  57449 |  51762 |   5687 |   1391 |  39043 |  61 |  941.8 |
       Dungeon |  17229 |  14470 |   2759 |    592 |  11253 |  15 | 1148.6 |
          Lair |   6590 |   5846 |    744 |      0 |   4681 |   5 | 1318.0 |
         Swamp |   3993 |   3866 |    127 |    218 |   2842 |   4 |  998.2 |
     Snake Pit |   4924 |   4625 |    299 |    143 |   3348 |   4 | 1231.0 |
    Slime Pits |   1585 |   1534 |     51 |    307 |    722 |   5 |  317.0 |
  Orcish Mines |   1534 |   1446 |     88 |      0 |   1153 |   2 |  767.0 |
        Vaults |   5526 |   5024 |    502 |      5 |   3990 |   4 | 1381.5 |
        Depths |   6970 |   6161 |    809 |     36 |   4738 |   4 | 1742.5 |
          Hell |    654 |    636 |     18 |      5 |    466 |   1 |  654.0 |
           Zot |   6112 |   5827 |    285 |      4 |   4725 |   5 | 1222.4 |
         Abyss |    888 |    888 |      0 |     75 |    341 |   2 |  444.0 |
      Ziggurat |    107 |    107 |      0 |      0 |      0 |   5 |   21.4 |
        Bazaar |     13 |     13 |      0 |      0 |      9 |   1 |   13.0 |
         Trove |     52 |     52 |      0 |      0 |      5 |   1 |   52.0 |
      Ice Cave |    338 |    338 |      0 |      5 |    189 |   1 |  338.0 |
        Wizlab |    536 |    536 |      0 |      0 |    343 |   1 |  536.0 |
      Gauntlet |    390 |    390 |      0 |      0 |    236 |   1 |  390.0 |
               +--------+--------+--------+--------+--------+-----+--------+

Top non-repeatable levels by time:
   Zot:5: 2113 daAuts
Depths:3: 2102 daAuts
Depths:2: 1872 daAuts
    D:14: 1691 daAuts
  Lair:2: 1580 daAuts
 Swamp:4: 1556 daAuts
Depths:1: 1542 daAuts
     D:7: 1516 daAuts
Vaults:3: 1496 daAuts
     D:8: 1464 daAuts
  Lair:5: 1456 daAuts
Depths:4: 1452 daAuts
Vaults:4: 1438 daAuts
     D:9: 1433 daAuts
 Snake:3: 1407 daAuts
